 Dungeon Crawl Stone Soup version 0.26.0-10-g1f06aea511 (webtiles) character file.

Game seed: 11036215395366470406

243 Borgoz the Cudgeller (level 6, -11/57 HPs)
             Began as a Gargoyle Berserker on Jan 15, 2021.
             Was a Believer of Trog.
             Mangled by an ogre
             ... wielding a +0 giant club
              (19 damage)
             ... on level 4 of the Dungeon.
             The game lasted 00:02:28 (2421 turns).

Borgoz the Cudgeller (Gargoyle Berserker)           Turns: 2421, Time: 00:02:29

Health: -11/57     AC:  7    Str: 20    XL:     6   Next: 9%
Magic:  6/6        EV: 13    Int:  8    God:    Trog [**....]
Gold:   77         SH:  0    Dex: 11    Spells: 5/5 levels left

rFire    . . .     SeeInvis .   a - +0 mace
rCold    . . .     Faith    .   (no shield)
rNeg     + . .     Spirit   .   b - +0 animal skin
rPois    ∞         Reflect  .   (no helmet)
rElec    +         Harm     .   l - +0 cloak
rCorr    .         Rampage  .   (no gloves)
Will     .....                  (no boots)
Stlth    ..........             (no amulet)
HPRegen  0.19/turn              (no ring)
MPRegen  0.10/turn              (no ring)

@: berserking, very quick
A: negative energy resistance 1, electricity resistance, unbreathing,
petrification resistance, miasma immunity, AC +4
a: Renounce Religion, Berserk, Trog's Hand


You were on level 4 of the Dungeon.
You worshipped Trog.
Trog was pleased with you.
You visited 1 branch of the dungeon, and saw 4 of its levels.

You collected 77 gold pieces.

Inventory:

Hand Weapons
 a - a +0 mace (weapon)
Armour
 b - a +0 animal skin (worn)
 l - a +0 cloak (worn)
Wands
 i - a wand of digging (1)
Scrolls
 d - 2 scrolls of immolation {unknown}
 f - 3 scrolls of remove curse
 j - a scroll of blinking {unknown}
 k - a scroll of fog {unknown}
Potions
 c - 2 potions of haste {unknown}
 e - a potion of degeneration {unknown}
 h - a potion of magic {unknown}


   Skills:
 + Level 4.2 Fighting
 * Level 4.5 Maces & Flails
 + Level 3.3 Armour
 * Level 3.1 Dodging


You had 5 spell levels left.
You didn't know any spells.
Your spell library was empty.

Dungeon Overview and Level Annotations

Branches:
Dungeon (4/15)
 Temple: D:4-7

Altars:
Gozag
Zin

Shops:
D:4 !


Innate Abilities, Weirdness & Mutations

You are resistant to torment.
Your stone body is resilient. (AC +4)
You are immune to poison.
You resist negative energy. (rN+)
You are resistant to electric shocks. (rElec)
You can survive without breathing.
You are immune to petrification.
You are immune to miasma.


Message History

The ogre is heavily wounded.
The ogre hits you with a +0 giant club!
You hit the ogre.
The ogre is heavily wounded.
The ogre barely misses you.
You barely miss the ogre.
The ogre is heavily wounded.
The ogre closely misses you.
You hit the ogre.
The ogre is severely wounded.
The ogre misses you.
You hit the ogre.
The ogre is almost dead.
The ogre hits you with a +0 giant club!!
* * * LOW HITPOINT WARNING * * *
You are too injured to fight recklessly!
A red film seems to cover your vision as you go berserk!
You feel yourself moving faster!
You feel mighty!
The ogre hits you with a +0 giant club!!
You die...

#######
.......##
#.#.∩.#O#
#......@#
#...#...#
# #...<#
###..#
####


You could see an ogre.

Vanquished Creatures
  An ogre (D:2)
  Natasha (thrice) (D:3)
  A worker ant (D:2)
  An orc wizard (D:3)
  A worm (D:2)
  A dart slug (D:1)
  3 orcs (D:3)
  3 giant cockroaches
  2 hobgoblins
  5 kobolds
  A quokka (D:3)
  5 bats
  6 frilled lizards
  6 goblins
  A rat (D:3)
40 creatures vanquished.

Vanquished Creatures (others)
  A plant (D:2)
1 creature vanquished.

Grand Total: 41 creatures vanquished

Notes
Turn   | Place    | Note
-------+----------+-------------------------------------------
     0 | D:1      | Borgoz the Gargoyle Berserker began the quest for the Orb.
     0 | D:1      | Reached XP level 1. HP: 14/14 MP: 1/1
    39 | D:1      | Reached XP level 2. HP: 14/19 MP: 2/2
   648 | D:2      | Noticed an ogre
   652 | D:2      | Killed an ogre
   653 | D:2      | Reached XP level 3. HP: 17/24 MP: 3/3
   653 | D:2      | Reached XP level 4. HP: 21/29 MP: 4/4
   872 | D:2      | Reached XP level 5. HP: 11/33 MP: 5/5
  1317 | D:2      | Found an opulent altar of Gozag.
  1579 | D:2      | Found a glowing silver altar of Zin.
  1671 | D:3      | Noticed Natasha
  1677 | D:3      | Killed Natasha
  1681 | D:3      | Noticed Natasha
  1683 | D:3      | Reached ** piety under Trog
  1695 | D:3      | Killed Natasha
  1811 | D:3      | Noticed Natasha
  1819 | D:3      | Killed Natasha
  1896 | D:3      | Reached XP level 6. HP: 38/38 MP: 6/6
  2410 | D:4      | Found Fezodait's Distillery.
  2421 | D:4      | Mangled by an ogre

Illustrated notes

Levels and vault maps discovered:
D:1:      dpeg_arrival_rooms_b, layout_loops_ring, kennysheep_nondescript
D:2:      layout_basic, pdpol_temple_overflow_zin_treasury_gozag_greed,
          serial_forest, infiniplex_forest_lined_room_2,
          infiniplex_forest_lined_room_2, infiniplex_forest_end_2,
          infiniplex_forest_clump_small, infiniplex_forest_lined_2,
          infiniplex_forest_clump_long, corner_web_ring, solitary_fountain,
          hex_tiny
D:3:      layout_rooms, roderic_lattice_a, uniq_natasha
D:4:      layout_gridville, serial_shops, nicolae_shop_stone, fedhas_altar_4,
          uniq_sigmund

Skill      XL: |  1  2  3  4  5 |
---------------+----------------+-----
Dodging        | 2 3 |  3.1
Maces & Flails | 4 |  4.5
Armour         | 3 |  3.3
Fighting       | 4 |  4.2

Action                   |  1- 3 |  4- 6 || total
-------------------------+-------+-------++-------
Melee: Mace              |    31 |    93 ||   124
Invok: Berserk           |     1 |     2 ||     3
       Trog's Hand       |       |     1 ||     1
  Use: Scroll            |       |     5 ||     5
 Stab: Sleeping          |       |     1 ||     1
Armor: Animal skin       |    12 |    23 ||    35
Dodge: Dodged            |    17 |    53 ||    70
